 Dungeon Crawl Stone Soup version 0.29-a0-919-gd064cfad1c (webtiles) character file.

Game seed: 9148812179636134001

11839 scionoferis the Thaumaturge (level 11, -5/74 HPs)
             Began as an Octopode Summoner on July 26, 2022.
             Was an Initiate of Gozag.
             Slain by a five-headed hydra (11 damage)
             ... on level 11 of the Dungeon.
             The game lasted 01:06:42 (15356 turns).

scionoferis the Thaumaturge (Octopode Summoner)    Turns: 15356, Time: 01:06:45

Health: -5/74      AC:  5    Str: 16    XL:     11   Next: 84%
Magic:  17/24      EV: 15    Int: 20    God:    Gozag
Gold:   2450       SH:  0    Dex: 12    Spells: 14/29 levels left

rFire   . . .      SeeInvis .   a - +4 short sword (freeze)
rCold   . . .      Faith    .   (no shield)
rNeg    . . .      Spirit   .   (helmet restricted)
rPois   .          Reflect  .   (no amulet)
rElec   .          Harm     .   o - ring of wizardry
rCorr   +          Rampage  .   p - ring of resist corrosion
Will    +....                   q - +4 ring of protection
Stlth   ++++......              G - +6 ring of strength
HPRegen 0.22/turn               P - ring of willpower
MPRegen 0.19/turn               (no ring)
                                (no ring)
                                (no ring)

@: gold aura
A: almost no armour, amphibious, 8 rings, camouflage 1, gelatinous body 1,
(nimble swimmer 1), tentacles
a: Renounce Religion, Potion Petition, Call Merchant, Bribe Branch


You were on level 11 of the Dungeon.
You worshipped Gozag.
Gozag was most pleased with you.
You visited 2 branches of the dungeon, and saw 12 of its levels.
You also visited: Bailey.

You collected 2601 gold pieces.
You paid 151 gold pieces to Gozag.

Inventory:

Hand Weapons
 a - a +4 short sword of freezing (weapon)
 b - a +0 sling
 f - a +1 spear of venom
 h - the +9 shortbow of the Valley {freeze, Contam Dex+6}
   (You took it off a kobold in a bailey)

   Any ammunition fired from it freezes those it strikes, dealing additional
   cold damage.
   It can also slow down cold-blooded creatures.
   Dex:       It affects your dexterity (+6).
   Contam:    It causes magical contamination when unequipped.
 w - a +1 rapier of freezing
 D - a +1 flail of protection
 E - a +2 scimitar
 H - a +2 long sword of holy wrath
 M - a +2 dagger of venom
 S - a +0 short sword of speed
Missiles
 c - 105 stones (quivered)
 j - 24 boomerangs
 m - 29 poisoned darts
 O - a curare-tipped dart
 T - a throwing net
Armour
 A - an orb of energy
Magical Staves
 N - a staff of fire
Jewellery
 o - a ring of wizardry (left tentacle)
 p - a ring of resist corrosion (right tentacle)
 q - a +4 ring of protection (on tentacle)
 G - a +6 ring of strength (on tentacle)
 P - a ring of willpower (on tentacle)
Wands
 t - a wand of paralysis (10)
 y - a wand of polymorph (6)
 B - a wand of quicksilver (15)
 J - a wand of digging (5)
Scrolls
 e - a scroll of poison
 i - 4 scrolls of immolation
 n - 2 scrolls of amnesia
 v - 4 scrolls of enchant armour
 x - 3 scrolls of enchant weapon
 C - a scroll of fear
 L - a scroll of identify
 U - a scroll of fog
Potions
 d - 3 potions of invisibility
 g - 2 potions of lignification
 k - 2 potions of magic
 l - 2 potions of curing {unknown}
 r - 5 potions of flight
 s - 2 potions of haste {unknown}
 u - a potion of degeneration {unknown}
 z - 3 potions of heal wounds
 F - a potion of might {unknown}
 I - 2 potions of brilliance {unknown}
 K - a potion of mutation {unknown}
 Q - a potion of resistance {unknown}
 R - a potion of attraction {unknown}


   Skills:
 + Level 6.4 Fighting
 + Level 6.9 Dodging
 - Level 6.0 Stealth
 * Level 9.8 Spellcasting
 * Level 1.6 Conjurations
 + Level 3.2 Hexes
 + Level 9.0 Summonings
 + Level 7.6 Air Magic


You had 14 spell levels left.
You knew the following spells:

 Your Spells              Type           Power      Damage    Failure   Level
a - Summon Small Mammal   Summ           100%       N/A       1%          1
b - Call Canine Familiar  Summ           45%        N/A       1%          3
c - Summon Guardian Gole  Hex/Summ       34%        N/A       1%          3
d - Summon Lightning Spi  Summ/Air       43%        N/A       1%          4
e - Fulminant Prism       Conj/Hex       9%         3d7       11%         4

Your spell library contained the following spells:

 Spells                   Type           Power      Damage    Failure   Level
 Call Imp                 Summ           45%        N/A       1%          2
 Scorch                   Fire           18%        2d6       4%          2
 Conjure Flame            Conj/Fire      13%        6-21      6%          3
 Ignite Poison            Fire/Tmut/Pois 9%         N/A       9%          3
 Summon Cactus Giant      Summ           22%        N/A       11%         6
 Flame Wave               Conj/Fire      13%        2d6       21%         4
 Iskenderun's Mystic Bla  Conj/Tloc      13%        2d5       21%         4
 Sticky Flame             Conj/Fire      13%        2d4       21%         4
 Lee's Rapid Deconstruct  Erth           4%         3d6*      58%         5
 Malign Gateway           Summ/Tloc      13%        N/A       97%         7
 Summon Horrible Things   Summ           22%        N/A       98%         8


Dungeon Overview and Level Annotations

Branches:
Dungeon (11/15)            Temple (1/1) D:6             Orc (0/2) D:9
 Bailey (visited)
   Lair: D:8-11

Altars:
Ashenzari
Cheibriados
Dithmenos
Elyvilon
Fedhas
Gozag
Hepliaklqana
Kikubaaqudgha
Makhleb
Nemelex Xobeh
Okawaru
Qazlal
Ru
Sif Muna
Trog
Uskayaw
Vehumet
Wu Jian
Xom
Yredelemnul
Zin
The Shining One

Shops:
D:4 (

Annotations:
D:7 1 runed translucent door, Wiilli's ghost, novice DrEE


Innate Abilities, Weirdness & Mutations

You cannot wear most types of armour.
You are amphibious.
You can wear up to eight rings at the same time.
Your skin changes colour to match your surroundings (Stealth+).
Your rubbery body absorbs attacks. (AC +1, EV +1)
((You are camouflaged when in or above water. (Stealth+)))
You have tentacles for arms and can constrict up to eight enemies at once.


Message History

Orders for allies: a - Attack new target. r - Retreat! s - Stop attacking. g - Guard the area. f - Follow me.
Anything else - Cancel.
Gang up on whom?
Press: ? - help, Dir - move target, f - five-headed hydra
Aim: a five-headed hydra (flame, ally target) Attack!
The five-headed hydra is engulfed in blazing flames.
The five-headed hydra is distracted by your dazzling golden aura.
The five-headed hydra is engulfed in blazing flames.
The five-headed hydra roars!
A yak comes into view.
The five-headed hydra is engulfed in blazing flames. x2
The yak is engulfed in blazing flames. x2
The five-headed hydra is no longer distracted by gold.
The five-headed hydra is engulfed in blazing flames.
The yak is engulfed in blazing flames.
The five-headed hydra is engulfed in blazing flames.
Casting: Summon Guardian Golem (safe; 1% risk of failure)
Confirm with . or Enter, or press ? or * to list all spells.
A guardian golem appears, shielding your allies.
Your guardian golem disappears in a puff of smoke!
The yak attacks as you move away! The yak gores you.
Casting: Summon Guardian Golem (safe; 1% risk of failure)
Confirm with . or Enter, or press ? or * to list all spells.
A guardian golem appears, shielding your allies.
Your guardian golem disappears in a puff of smoke!
The five-headed hydra bites you! x3
The five-headed hydra barely misses you.
The five-headed hydra bites you!
You swap places.
The five-headed hydra attacks as you move away!
The five-headed hydra bites you!
* * * LOW HITPOINT WARNING * * *
The five-headed hydra bites you!
* * * LOW HITPOINT WARNING * * *
The five-headed hydra misses you. x2; The five-headed hydra bites you!
You die...
Your body crumbles into a pile of gold.

.. . .# ###.# #...
#######.######
###............# #
#..............# #
#@#.....(......# #
#D#............# #
.§§§Y.YY#...$......[.###
.§|§§.###..........$...#
.§§§.. #............#.#
[.... #####.########.'
##### #.### ### #...# #
###.####


You could see a five-headed hydra (ally target), 2 yaks and a friendly guardian
golem (summoned).

Vanquished Creatures
  A troll (D:10)
  A yak (D:10)
  Duvessa (D:7)
  A water moccasin (D:7)
  A kobold brigand (D:9)
  A bullfrog (D:6)
  2 scorpions (D:6)
  A killer bee (D:10)
  4 howler monkeys
  3 jellies (D:5)
  A hound (D:7)
  2 orc wizards
  2 gnolls
  6 adders
  2 worms
  15 orcs
  4 bats
  6 endoplasms
  5 giant cockroaches
  11 goblins
  4 hobgoblins
  4 jackals
  4 quokkas
  6 ball pythons
  8 kobolds
  6 rats
102 creatures vanquished.

Vanquished Creatures (collateral kills)
  4 two-headed ogres
  Pikel (D:9)
  Maurice (D:9)
  2 trolls (D:9)
  A wyvern (D:9)
  A wraith (D:10)
  A yak (D:11)
  2 steam dragons
  An acid dragon (D:10)
  A water moccasin (D:7)
  2 orc warriors
  A centaur (D:9)
  An ogre (D:6)
  3 lemures (D:9)
  A phantom (D:6)
  2 kobold brigands
  A bullfrog (D:7)
  A gnoll sergeant (D:10)
  A scorpion (D:6)
  Dowan (D:7)
  6 killer bees
  3 howler monkeys (D:7)
  A hound (D:5)
  6 orc priests
  A jelly (D:4)
  An iguana (D:6)
  6 orc wizards
  13 gnolls
  4 adders
  A shadow imp (D:6)
  A white imp (D:5)
  A dart slug (D:5)
  11 orcs
  A bat (D:1)
  3 endoplasms
  4 goblins
  5 hobgoblins
  5 jackals (D:1)
  18 kobolds
  A ball python (D:4)
  A frilled lizard (D:2)
  A rat (D:3)
123 creatures vanquished.

Vanquished Creatures (others)
  A manticore (D:8)
  The ghost of OhItsWolfy the Cudgeller, a novice GrFi (D:5)
  2 trolls
  A wyvern (D:7)
  7 yaks
  Edmund (D:5)
  7 orc warriors
  A sky beast (D:7)
  A black bear (D:8)
  An ogre (D:4)
  11 wights
  2 killer bees (D:8)
  A howler monkey (D:8)
  A hound (D:5)
  2 orc wizards
  8 gnolls
  3 orcs
  A goblin (D:4)
  3 hobgoblins
  26 plants
  5 toadstools (D:9)
86 creatures vanquished.

Grand Total: 311 creatures vanquished

Notes
Turn   | Place    | Note
-------+----------+-------------------------------------------
     0 | D:1      | scionoferis the Octopode Summoner began the quest for the
                  | Orb.
     0 | D:1      | Reached XP level 1. HP: 11/11 MP: 3/3
   346 | D:1      | Reached XP level 2. HP: 14/17 MP: 3/5
   936 | D:1      | Reached XP level 3. HP: 16/21 MP: 4/6
  1744 | D:1      | Learned a level 3 spell: Call Canine Familiar
  1986 | D:2      | Found a glowing golden altar of the Shining One.
  2115 | D:2      | Reached skill level 5 in Summonings
  2115 | D:2      | Reached XP level 4. HP: 27/27 MP: 2/8
  2435 | D:2      | Learned a level 3 spell: Summon Guardian Golem
  2567 | D:3      | Reached XP level 5. HP: 30/31 MP: 5/9
  3009 | D:3      | Reached skill level 1 in Hexes
  3357 | D:3      | Found a radiant altar of Vehumet.
  3649 | D:4      | Found Itumm's Weapon Emporium.
  4043 | D:4      | Reached XP level 6. HP: 31/37 MP: 1/11
  4334 | D:4      | Reached skill level 1 in Fighting
  4827 | D:5      | Entered Level 5 of the Dungeon
  4836 | D:5      | Noticed Edmund
  4843 | D:5      | Found an opulent altar of Gozag.
  4843 | D:5      | Found a shadowy altar of Dithmenos.
  4844 | D:5      | Found a snail-covered altar of Cheibriados.
  4851 | D:5      | Became a worshipper of Gozag Ym Sagoz the Greedy
  4864 | D:5      | Reached XP level 7. HP: 35/43 MP: 9/13
  4870 | D:5      | Learned a level 4 spell: Summon Lightning Spire
  5142 | D:5      | Reached skill level 1 in Air Magic
  5262 | D:5      | Killed Edmund
  5631 | D:5      | Found a runed translucent door.
  5632 | D:5      | Noticed OhItsWolfy's ghost (novice GrFi)
  5908 | D:6      | Reached XP level 8. HP: 36/48 MP: 12/15
  6185 | D:6      | Reached skill level 5 in Spellcasting
  6481 | D:6      | Found a staircase to the Ecumenical Temple.
  6493 | Temple   | Entered the Ecumenical Temple
  6999 | D:6      | Found an iron altar of Okawaru.
  7257 | D:5      | Killed OhItsWolfy's ghost
  7439 | D:7      | Reached XP level 9. HP: 36/55 MP: 10/18
  7617 | D:7      | Reached skill level 5 in Stealth
  7790 | D:7      | Found a glowing golden altar of the Shining One.
  7817 | D:7      | Noticed Dowan
  7826 | D:7      | Noticed Duvessa
  7835 | D:7      | Killed Dowan
  7850 | D:7      | Killed Duvessa
  7851 | D:7      | Reached skill level 5 in Air Magic
  8348 | D:7      | Found a runed translucent door.
  8348 | D:7      | Noticed Wiilli's ghost (novice DrEE)
  8348 | D:7      | Noticed a deep elf pyromancer
  8695 | D:8      | Found a flagged portal.
  8743 | Bailey   | Entered a bailey
  8761 | Bailey   | Identified the +9 shortbow of the Valley {freeze, Contam
                  | Dex+6}
  9079 | Bailey   | Reached XP level 10. HP: 63/63 MP: 14/20
  9598 | D:8      | Found a shimmering blue altar of Sif Muna.
  9795 | D:8      | Found a blossoming altar of Fedhas.
 10151 | D:8      | Noticed a manticore
 10171 | D:8      | Killed a manticore
 10172 | D:8      | Reached skill level 5 in Dodging
 10776 | D:9      | Noticed a two-headed ogre
 10794 | D:9      | Killed a two-headed ogre
 11082 | D:9      | Reached skill level 5 in Fighting
 11628 | D:9      | Found a staircase to the Orcish Mines.
 11725 | D:9      | Reached XP level 11. HP: 72/72 MP: 21/23
 11903 | D:9      | Noticed Pikel
 11909 | D:9      | Noticed Maurice
 11958 | D:9      | Killed Pikel
 11982 | D:9      | Killed Maurice
 12021 | D:9      | Found a stormy altar of Qazlal.
 12300 | D:9      | Found a bloodstained altar of Trog.
 12363 | D:9      | Noticed a two-headed ogre
 12850 | D:9      | Found a glowing silver altar of Zin.
 12850 | D:9      | Noticed an angel
 13220 | D:10     | Entered Level 10 of the Dungeon
 13694 | D:10     | Killed a two-headed ogre
 14013 | D:10     | Noticed a two-headed ogre
 14025 | D:10     | Killed a two-headed ogre
 14294 | D:10     | Learned a level 4 spell: Fulminant Prism
 15197 | D:11     | Noticed a two-headed ogre
 15212 | D:11     | Killed a two-headed ogre
 15213 | D:11     | Reached skill level 1 in Conjurations
 15319 | D:11     | Noticed a five-headed hydra
 15356 | D:11     | Slain by a five-headed hydra

Illustrated notes

Levels and vault maps discovered:
D:1:      dpeg_arrival_windows_large_door, layout_basic, serial_forest,
          infiniplex_forest_join, infiniplex_forest_corner_1,
          infiniplex_forest_end_1, infiniplex_forest_clump_small,
          infiniplex_forest_lined_4_way, minmay_tetromino_t4
D:2:      layout_basic, basic_altar
D:3:      layout_rooms, mainiacjoe_overflow_six_doors_small, hex_intersection,
          dk_noncrumbling_2
D:4:      layout_cave_pods, serial_shops, shop_coins,
          kennysheep_decorative_pillar, nrook_mini_vaults, serial_bayou_pond_b,
          minmay_box_of_dots
D:5:      lemuel_ice_spiral_2, layout_rooms,
          chequers_temple_overflow_statue_of_worship, ebering_ghost_sewer_d,
          amcnicky_mini_pool_small, uniq_edmund
D:6:      layout_loops_ring, okawaru_ov_weapons_minmay,
          minmay_temple_entry_offerings
D:7:      layout_gridville, lemuel_tele_altar, ebering_ghost_inner_flame,
          uniq_duvessa
D:8:      layout_basic, old_standard_altar, tgw_sif, enter_bailey_4,
          grunt_ministairs_4
D:9:      layout_layer_cave, grunt_qazlal_clouds, zin_angel, trog_book,
          orc_0_dummy, minmay_holes, minmay_gold_behind_fungi, uniq_maurice,
          uniq_pikel
D:10:     layout_cave_pods
D:11:     layout_roguey, david_lair_shrubbed
Temple:   bh_familiar_temple

Skill      XL: |  1  2  3  4  5  6  7  8  9 10 11 |
---------------+----------------------------------+-----
Summonings     | 5 6 7 8 9 |  9.0
Spellcasting   | 3 4 6 7 8 9 |  9.8
Hexes          | 1 2 3 |  3.2
Stealth        | 3 4 6 |  6.0
Fighting       | 1 2 4 5 6 |  6.4
Air Magic      | 2 4 5 6 7 |  7.6
Dodging        | 3 4 5 6 |  6.9
Conjurations   | 1 |  1.6

Action                   |  1- 3 |  4- 6 |  7- 9 | 10-12 || total
-------------------------+-------+-------+-------+-------++-------
Melee: Dagger            |    59 |    73 |    57 |     2 ||   191
       Constrict         |    15 |    16 |    16 |    10 ||    57
       Unarmed           |     2 |       |       |       ||     2
       Tentacles         |     6 |    14 |    17 |    10 ||    47
       Punch             |     1 |     1 |     1 |       ||     3
       Short sword       |       |       |       |    38 ||    38
 Fire: Sling             |     4 |       |     3 |       ||     7
Throw: Stone             |       |       |       |     1 ||     1
 Cast: Summon Small Mamm |    18 |     2 |     2 |     1 ||    23
       Call Canine Famil |     4 |    15 |    27 |    20 ||    66
       Summon Guardian G |       |     4 |    16 |    42 ||    62
       Summon Lightning  |       |       |    17 |    30 ||    47
  Use: Scroll            |       |     5 |     3 |     2 ||    10
       Potion            |       |       |       |     3 ||     3
 Stab: Sleeping          |     9 |     7 |     3 |       ||    19
       Distracted        |       |       |     1 |     1 ||     2
Armor: Skin              |     6 |    12 |     7 |    11 ||    36
Dodge: Dodged            |    38 |    36 |    49 |    47 ||   170

Table legend: (Time is in decaauts)
 A = Elapsed time spent in this place.
 B = Non-inter-level travel time spent in this place.
 C = Inter-level travel time spent in this place.
 D = Time resting spent in this place.
 E = Time spent auto-exploring this place.
 F = Levels seen in this place.
 G = Mean time per level.
                   A        B        C        D        E       F      G
               +--------+--------+--------+--------+--------+-----+--------+
         Total |  15365 |  14673 |    692 |   2047 |   9112 |  13 | 1181.9 |
       Dungeon |  14485 |  13817 |    668 |   1864 |   8816 |  11 | 1316.8 |
        Temple |    185 |    161 |     24 |      0 |    157 |   1 |  185.0 |
        Bailey |    693 |    693 |      0 |    183 |    139 |   1 |  693.0 |
               +--------+--------+--------+--------+--------+-----+--------+

Top non-repeatable levels by time:
     D:9: 2208 daAuts
     D:8: 2096 daAuts
     D:1: 1799 daAuts
    D:10: 1640 daAuts
     D:5: 1420 daAuts
     D:6: 1192 daAuts
     D:2: 1077 daAuts
     D:4: 1076 daAuts
     D:7: 897 daAuts
     D:3: 874 daAuts
  Bailey: 693 daAuts
    D:11: 201 daAuts
  Temple: 185 daAuts
